 Dungeon Crawl Stone Soup version 0.28.0 (webtiles) character file.

Game seed: 4162860611297857644

40 GrayStillPlays the Skirmisher (level 3, 0/29 HPs)
             Began as a Demonspawn Fighter on Feb 8, 2022.
             Slain by a gnoll (1 damage)
             ... on level 2 of the Dungeon.
             The game lasted 00:01:52 (1018 turns).

GrayStillPlays the Skirmisher (Demonspawn Fighter)  Turns: 1018, Time: 00:01:53

Health: 0/29       AC:  6    Str: 16    XL:     3   Next: 30%
Magic:  3/3        EV:  8    Int: 11    God:
Gold:   34         SH:  4    Dex: 12    Spells: 2/2 levels left

rFire   . . .      SeeInvis .   a - +0 war axe {axe}
rCold   . . .      Faith    .   c - +0 buckler
rNeg    . . .      Spirit   .   b - +0 scale mail
rPois   .          Reflect  .   (no helmet)
rElec   .          Harm     .   (no cloak)
rCorr   .          Rampage  .   (no gloves)
Will    .....                   (no boots)
Stlth   ..........              (no amulet)
HPRegen 0.09/turn               (no ring)
MPRegen 0.08/turn               (no ring)

@: no status effects
A: demonic touch 1
a: no special abilities


You were on level 2 of the Dungeon.
You visited 1 branch of the dungeon, and saw 2 of its levels.

You collected 34 gold pieces.


Innate Abilities, Weirdness & Mutations

Your touch may inflict minor irresistible damage on your foes.


   Skills:
 + Level 3.5 Fighting
 - Level 1.7 Axes
 + Level 3.1 Armour
 + Level 3.2 Shields


You had 2 spell levels left.
You didn't know any spells.
Your spell library was empty.

Inventory:

Hand Weapons
 a - a +0 war axe (weapon) {axe}
 l - a +2 whip of pain {mace}
   (You found it on level 1 of the Dungeon)
Missiles
 e - 67 stones (quivered) {throwing}
 i - 19 arrows
 k - 17 sling bullets
Armour
 b - a +0 scale mail (worn)
 c - a +0 buckler (worn)
 m - an orb of wrath
   (You found it on level 2 of the Dungeon)
Magical Staves
 g - a staff of earth {!astaff}
   (You found it on level 1 of the Dungeon)
Scrolls
 h - 2 scrolls of vulnerability {unknown}
Potions
 d - a potion of might
 f - a potion of brilliance {unknown}
 j - a potion of mutation {unknown}

Dungeon Overview and Level Annotations

Branches:
Dungeon (1/15)

Altars:

#......†..#...## #.#
..# #....####...###
#.# ###### ##..#
####..# #.....##
#....###..# #.## ##.#
.. #.###### .
#...@g.# .# ######g#
#.# ##### #.##..# .#.
....# #.#..# ...
#..###....# ..#
#......#.# ...
#.###...))#.##.#
#....)###.#....#
.......#.......###..#


You could see 2 gnolls.


Message History

The ball python constricts you. The ball python bites you.
The ball python constricts you. 😕 HP[-3]
You take 3 damage, and now have 20/24 hp.
You hit the ball python.
You kill the ball python!
No target in view!
No target in view!
No target in view!
A kobold comes into view. It is wielding a +0 whip.
The kobold moves out of view. 😎 HP[+4]
Your hp is fully restored (24).
A hobgoblin comes into view.
The hobgoblin shouts!
The kobold barely misses you.
A kobold is nearby!
You closely miss the kobold. The kobold hits you but does no damage.
You barely miss the kobold.
The kobold hits you with a +0 whip. x2 😮 HP[-6]
You take 6 damage, and now have 18/24 hp.
MASSIVE DAMAGE!! (PAUSE)
You are too injured to fight recklessly!
There are monsters nearby!
You are too injured to fight recklessly!
You are too injured to fight recklessly!
You are too injured to fight recklessly!
You are too injured to fight recklessly!
You are too injured to fight recklessly!
You are too injured to fight recklessly!
You closely miss the kobold. The kobold closely misses you.
You slash the kobold!
You kill the kobold!
You barely miss the hobgoblin. The hobgoblin completely misses you.
You have reached level 3!
Your experience leads to an increase in your attributes!
Increase (S)trength, (I)ntelligence, or (D)exterity?
You feel clever. x2 😕 HP[+4] MP[+1]
You now have 29 max hp (+5).
You regained 4 hp, and now have 22/29 hp.
Your mp is fully restored (3).
You slash the hobgoblin!
You kill the hobgoblin!
A gnoll comes into view. It is wielding a +0 whip.
A gnoll is nearby!
A kobold comes into view. It is wielding a +0 short sword.
The kobold shouts!
The gnoll shouts!
You hear an angry hiss.
You hear a shout!
A gnoll comes into view.
It is wielding a +0 flail of protection.
You hit the gnoll. You barely miss the kobold.
The kobold hits you with a +0 short sword.
The gnoll completely misses you. 😮 HP[-1]
You take 1 damage, and now have 21/29 hp.
You are too injured to fight recklessly!
You are too injured to fight recklessly!
You are too injured to fight recklessly!
You are too injured to fight recklessly! 😕 HP[+1]
The kobold hits you with a +0 short sword.
You hit the kobold.
You kill the kobold!
You slash the gnoll! The gnoll hits you with a +0 whip.
* * * LOW HITPOINT WARNING * * *
😨 HP[-9]
You take 9 damage, and now have 13/29 hp.
MASSIVE DAMAGE!! (PAUSE)
You slash the gnoll!
You kill the gnoll!
A gnoll comes into view. It is wielding a +0 club.
You see here a +0 whip {mace}.
You slash the gnoll! The gnoll barely misses you. The gnoll closely misses you.
You hit the gnoll.
The gnoll hits you with a +0 flail of protection.
* * * LOW HITPOINT WARNING * * *
😨 HP[-5]
You take 5 damage, and now have 8/29 hp.
You hit the gnoll. You block the gnoll's attack.
The gnoll hits you with a +0 club.
* * * LOW HITPOINT WARNING * * *
You block the gnoll's attack. 😱 HP[-3]
You take 3 damage, and now have 5/29 hp.
You see here a +0 whip {mace}.
The gnoll hits you with a +0 club.
* * * LOW HITPOINT WARNING * * *
😱 HP[-1]
You take 1 damage, and now have 4/29 hp.
The gnoll hits you with a +0 flail of protection.
* * * LOW HITPOINT WARNING * * *
😱 HP[-1]
You take 1 damage, and now have 3/29 hp. 😱 HP[+1]
You barely miss the gnoll. The gnoll hits you with a +0 club.
* * * LOW HITPOINT WARNING * * *
😱 HP[-3]
You take 3 damage, and now have 1/29 hp.
The gnoll hits you but does no damage. The gnoll hits you with a +0 club.
You die...

Skill      XL: |  1  2 |
---------------+-------+-----
Armour         | 3 |  3.1
Shields        | 3 |  3.2
Fighting       | |  3.5
Axes           | |  1.7

Action                   || total
-------------------------++-------
Melee: War axe           ||    75
Armor: Scale mail        ||    38
Dodge: Dodged            ||    37
Block: Buckler           ||    24

Levels and vault maps discovered:
D:1:      wander_arrival_estate, layout_loops_ring,
          chequers_ecumenical_altar_lobes
D:2:      layout_rooms, st_stairs_6, uniq_crazy_yiuf_cottage

Notes
Turn   | Place    | Note
-------+----------+-------------------------------------------
     0 | D:1      | GrayStillPlays the Demonspawn Fighter began the quest for
                  | the Orb.
     0 | D:1      | Reached XP level 1. HP: 18/18 MP: 1/1
     0 | D:1      | magus.rc [v1.9.6]
   347 | D:1      | Gained mutation: Your touch may inflict minor irresistible
                  | damage on your foes. [demonic ancestry]
   347 | D:1      | Reached XP level 2. HP: 21/24 MP: 2/2
   518 | D:1      | Reached skill level 3 in Armour
   518 | D:1      | Reached skill level 3 in Shields
   628 | D:1      | Found a faded altar of an unknown god.
   807 | D:1      | You fall into a shaft and drop 1 floor!
   982 | D:2      | Reached XP level 3. HP: 22/29 MP: 3/3
  1002 | D:2      | HP: 5/29 [gnoll (3)]
  1009 | D:2      | HP: 4/29 [gnoll (1)]
  1015 | D:2      | HP: 1/29 [gnoll (3)]
  1018 | D:2      | Slain by a gnoll

Vanquished Creatures
  A gnoll (D:2)
  A dart slug (D:1)
  A bat (D:2)
  An endoplasm (D:1)
  2 giant cockroaches (D:1)
  2 goblins (D:1)
  4 hobgoblins
  2 quokkas
  3 ball pythons
  A frilled lizard (D:1)
  6 kobolds
  2 rats
26 creatures vanquished.

Table legend:
 A = Non-vault XP
 B = Vault XP
 C = Vault XP percentage of total XP
 D = Non-vault monster count
 E = Vault monster count
 F = Vault count percentage of total count
                 A         B        C        D         E       F
            +---------+---------+-------+---------+---------+-------
      Total |      56 |       2 |   3.4 |      25 |       1 |   3.8
            +---------+---------+-------+---------+---------+-------
        D:1 |      31 |       0 |   0.0 |      17 |       0 |   0.0
        D:2 |      25 |       2 |   7.4 |       8 |       1 |  11.1
            +---------+---------+-------+---------+---------+-------

Illustrated notes

Table legend:
 A = Kills in this place as a percentage of kills in entire the game.
 B = Kills by you in this place as a percentage of kills by you in the entire game.
 C = Kills by friends in this place as a percentage of kills by friends in the entire game.
 D = Other kills in this place as a percentage of other kills in the entire game.
 E = Experience gained in this place as a percentage of experience gained in the entire game.
 F = Experience gained in this place divided by the number of levels of this place that you have seen.
                   A       B       C       D       E      F
               +-------+-------+-------+-------+-------+----------------------
         Total | 100.0 | 100.0 |   N/A |   N/A | 100.0 |  29.0
       Dungeon | 100.0 | 100.0 |   N/A |   N/A | 100.0 |  29.0
               +-------+-------+-------+-------+-------+----------------------

Table legend: (Time is in decaauts)
 A = Elapsed time spent in this place.
 B = Non-inter-level travel time spent in this place.
 C = Inter-level travel time spent in this place.
 D = Time resting spent in this place.
 E = Time spent auto-exploring this place.
 F = Levels seen in this place.
 G = Mean time per level.
                   A        B        C        D        E       F      G
               +--------+--------+--------+--------+--------+-----+--------+
         Total |   1051 |   1051 |      0 |      0 |    827 |   2 |  525.5 |
       Dungeon |   1051 |   1051 |      0 |      0 |    827 |   2 |  525.5 |
               +--------+--------+--------+--------+--------+-----+--------+

Top non-repeatable levels by time:
     D:1: 826 daAuts
     D:2: 224 daAuts
